 Dungeon Crawl Stone Soup version 0.31.0-9-g3a7656b989 (webtiles) character file.

Game seed: 8205874298408542685

74 AlmostDecent the Trooper (level 4, -1/29 HPs)
             Began as a Gargoyle Fighter on Jan 24, 2024.
             Slain by a gnoll
             ... wielding a +0 halberd
              (5 damage)
             ... on level 3 of the Dungeon.
             The game lasted 00:02:35 (1114 turns).

AlmostDecent the Trooper (Gargoyle Fighter)         Turns: 1114, Time: 00:02:36

Health: -1/29      AC: 10    Str: 22    XL:     4   Next: 30%
Magic:  4/4        EV:  9    Int:  8    God:
Gold:   60         SH:  4    Dex:  9    Spells: 3/3 levels left

rFire   . . .        a - +0 war axe
rCold   . . .        c - +0 buckler
rNeg    + . .        b - +0 scale mail
rPois   ∞            (no helmet)
rElec   +            (no cloak)
rCorr   .            (no gloves)
SInv    .            (no boots)
Will    .....        (no amulet) Stlth
                     (no ring)
HPRegen 0.24/turn    (no ring)
MPRegen 0.09/turn

%: no passive effects
@: mighty
A: sickness immunity, AC +3, negative energy resistance 1, electricity
resistance, torment resistance 1, petrification resistance
a: no special abilities


You were on level 3 of the Dungeon.
You visited 1 branch of the dungeon, and saw 3 of its levels.

You collected 60 gold pieces.

Inventory:

Hand Weapons
 a - a +0 war axe (weapon)
 i - a +4 sling
Armour
 b - a +0 scale mail (worn)
 c - a +0 buckler (worn)
Scrolls
 f - a scroll of butterflies {unknown}
 g - 3 scrolls of teleportation {unknown}
 h - a scroll of immolation {unknown}
 j - a scroll of fear {unknown}
 k - a scroll of brand weapon {unknown}
 l - 2 scrolls of identify {unknown}
 o - a scroll of fog {unknown}
Potions
 d - a potion of might
 e - 3 potions of curing {unknown}
 m - a potion of haste {unknown}
 n - a potion of lignification {unknown}
 p - 2 potions of resistance {unknown}


   Skills:
 + Level 4.0 Fighting
 * Level 3.4 Axes
 - Level 3.3 Armour
 - Level 3.3 Shields


You had 3 spell levels left.
You didn't know any spells.
Your spell library contained the following spells:

 Spells                   Type           Power      Damage    Failure   Level
 Scorch                   Fire           0%         2d5       91%         2
 Flame Wave               Conj/Fire      0%         2d4       100%        4
 Summon Cactus Giant      Summ           0%         N/A       100%        6


Dungeon Overview and Level Annotations

Branches:
Dungeon (3/15)

Altars:


Innate Abilities, Weirdness & Mutations

You are immune to sickness and miasma.
Your stone body is resilient. (AC +3)
You are immune to poison.
You resist negative energy. (rN+)
You are resistant to electric shocks. (rElec)
You are resistant to unholy torment.
You are immune to petrification.


Message History

No reachable target in view!
No reachable target in view!
The teleport trap disappears.
The goblin disappears!
l - 2 scrolls labelled JUH LOESICWEYT (gained 1)
A gnoll comes into view.
It is wielding a +0 spear. 2 gnolls come into view.
The gnoll shouts!
You feel very mighty all of a sudden. The gnoll hits you with a +0 spear.
You closely miss the gnoll. The gnoll completely misses you.
The gnoll hits you but does no damage. x2
You closely miss the gnoll. The gnoll hits you but does no damage.
The gnoll misses you.
The gnoll hits you from afar with a +0 spear.
You hit the gnoll.
The gnoll is moderately wounded.
You block the gnoll's attack. The gnoll hits you but does no damage.
The gnoll barely misses you. The gnoll hits you with a +0 spear.
The gnoll hits you but does no damage. x2
You slash the gnoll!
You kill the gnoll!
The gnoll hits you but does no damage. x2
You block the gnoll's attack.
The gnoll hits you from afar with a +0 halberd!
* * * LOW HITPOINT WARNING * * *
You are too injured to fight recklessly!
You are too injured to fight recklessly!
You are too injured to fight recklessly!
You are too injured to fight recklessly!
You are too injured to fight recklessly!
You slash the gnoll!
The gnoll is severely wounded.
The gnoll completely misses you. The gnoll hits you with a +0 spear.
* * * LOW HITPOINT WARNING * * *
You closely miss the gnoll.
The gnoll is severely wounded.
The gnoll closely misses you. You block the gnoll's attack.
The gnoll misses you.
The gnoll hits you from afar with a +0 halberd.
You die...

#####....# #.#
.........# #.#.#
.####....#### #.#.#
.##.......... #.#.#
.##........... #.#.#
## .......#####..
#.#.# .. ...###.#
..#.. #.#.#.# ##.#
#.# ......#.#...#
...###.#.#
#..g@..###
#................).#
#.####.#.###...g.###
#.# ......... #.#
.##...$.# #.#
...#.... #.#
....#.... .. #.# .#.
#.... ###. #.# ... #


You could see 2 gnolls.

Vanquished Creatures
  Natasha (D:3)
  2 gnolls
  3 bats
  5 endoplasms
  2 giant cockroaches (D:2)
  4 goblins
  3 hobgoblins (D:1)
  4 ball pythons (D:1)
  A kobold (D:1)
  5 rats
30 creatures vanquished.

Notes
Turn   | Place    | Note
-------+----------+-------------------------------------------
     0 | D:1      | AlmostDecent the Gargoyle Fighter began the quest for the
                  | Orb.
     0 | D:1      | Reached XP level 1. HP: 14/14 MP: 1/1
    71 | D:1      | Reached XP level 2. HP: 16/20 MP: 2/2
   322 | D:1      | Reached XP level 3. HP: 21/24 MP: 3/3
   997 | D:3      | Found a faded altar of an unknown god.
   997 | D:3      | Noticed Natasha
  1003 | D:3      | Killed Natasha
  1004 | D:3      | Reached skill level 4 in Fighting
  1004 | D:3      | Reached XP level 4. HP: 17/29 MP: 4/4
  1114 | D:3      | Slain by a gnoll

Illustrated notes

Levels and vault maps discovered:
D:1:      shiori_shiawase, layout_rooms, nicolae_figureground_sparkle
D:2:      layout_rooms
D:3:      layout_basic, nicolae_ecumenical_pavilion,
          hangedman_decor_clover_reticule, minmay_hedge_maze,
          minmay_misc_feat_plants, kennysheep_big_empty_room,
          grunt_decor_mini_mirrors, uniq_natasha

Skill      XL: |  1  2  3 |
---------------+----------+-----
Axes           | 2 3 |  3.4
Fighting       | 4 |  4.0
Armour         | |  3.3
Shields        | |  3.3

Action                     |  1- 3 |  4- 6 || total
---------------------------+-------+-------++-------
  Melee: War axe           |    81 |     6 ||    87
    Use: Potion            |       |     1 ||     1
 Armour: Scale mail        |    70 |    14 ||    84
  Dodge: Dodged            |    52 |     6 ||    58
  Block: Buckler           |    21 |     3 ||    24
